 Dungeon Sprint DCSS version 0.26.1-11-gd32895ea62 (webtiles) character file.

Game seed: 3953235192479679999

4337 Zeld the Peltast (level 10, 0/115 HPs)
             Began as a Minotaur Monk on June 12, 2021.
             Was the Champion of Trog.
             Succumbed to an ushabti's dark miasma
             ... in the Dungeon (Sprint V: "Ziggurat Sprint").
             The game lasted 00:02:12 (1487 turns).

Zeld the Peltast (Minotaur Monk)                    Turns: 1487, Time: 00:02:13

Health: 0/115      AC: 19    Str: 32    XL:     10   Next: 12%
Magic:  9/9        EV:  5    Int:  5    God:    Trog [******]
Gold:   0          SH: 27    Dex: 17    Spells: 9/9 levels left

rFire    . . .     SeeInvis +   a - +14 obsidian axe {vorpal, +Fly SInv *Curse} (curse)
rCold    . . .     Faith    .   i - +3 tower shield
rNeg     + . .     Spirit   .   h - +5 crystal plate armour
rPois    .         Reflect  .   (helmet restricted)
rElec    .         Harm     .   (no cloak)
rCorr    .         Rampage  .   (no gloves)
Will     .....     NoTele   +   (no boots)
Stlth    ..........             (no amulet)
HPRegen  0.29/turn              y - +6 ring of strength
MPRegen  0.11/turn              B - ring "Teifaebb" {rN+ Str+6 Int-2 Dex+5 SInv}

@: berserking, lethally poisoned (0 -> -120), mesmerised, slowed
A: retaliatory headbutt, horns 2
a: Renounce Religion, Evoke Flight, Berserk, Trog's Hand, Brothers in Arms


You were in the Dungeon.
You worshipped Trog.
Trog was exalted by your worship.
You visited 1 branch

Inventory:

Hand Weapons
 a - the cursed +14 obsidian axe (weapon) {vorpal, +Fly SInv *Curse}
   (You found it in the Dungeon)

   It inflicts extra damage upon your enemies.
   It lets you see invisible.
   It lets you fly.
   It curses itself when equipped.
   It has a curse placed upon it.
 j - a +5 broad axe
Armour
 h - a +5 crystal plate armour (worn)
 i - a +3 tower shield (worn)
Jewellery
 y - a +6 ring of strength (left hand)
 B - the ring "Teifaebb" (right hand) {rN+ Str+6 Int-2 Dex+5 SInv}
   (You found it in the Dungeon)

   [ring of strength]

   It affects your strength (+6).
   It affects your intelligence (-2).
   It affects your dexterity (+5).
   It protects you from negative energy.
   It lets you see invisible.
Wands
 v - a wand of disintegration (7)
 w - a wand of iceblast (7)
 x - a wand of acid (7)
Scrolls
 g - 4 scrolls of blinking
 k - 4 scrolls of amnesia
 l - 7 scrolls of fog
 m - a scroll of holy word
 n - 5 scrolls of identify
 o - 5 scrolls of remove curse
 p - 2 scrolls of fear
 t - a scroll of brand weapon
 z - 4 scrolls of enchant weapon
Potions
 b - 10 potions of curing
 c - 12 potions of heal wounds
 d - 6 potions of haste
 e - 7 potions of magic
 f - 3 potions of berserk rage
 q - 2 potions of brilliance
 r - 2 potions of invisibility
 s - 4 potions of resistance
 u - 5 potions of might
Miscellaneous
 A - a lightning rod (4/4)
 E - a box of beasts
 F - a phantom mirror


   Skills:
 - Level 3.6 Fighting
 * Level 18.6 Axes
 - Level 3.2 Dodging
 - Level 1.5 Stealth
 * Level 18.6 Shields
 - Level 3.2 Unarmed Combat


You had 9 spell levels left.
You didn't know any spells.
Your spell library was empty.

Dungeon Overview and Level Annotations

Branches:
Dungeon (1/1)

Altars:
Ashenzari
Cheibriados
Dithmenos
Elyvilon
Fedhas
Gozag
Hepliaklqana
Kikubaaqudgha
Makhleb
Nemelex Xobeh
Okawaru
Qazlal
Ru
Sif Muna
Trog
Uskayaw
Vehumet
Wu Jian
Xom
Yredelemnul
Zin
The Shining One
Beogh
Jiyva
Lugonu

Annotations:
D 1 transporter


Innate Abilities, Weirdness & Mutations

You reflexively headbutt those who attack you in melee.
You have a pair of horns on your head.


Message History

You slash the guardian mummy! You headbutt the guardian mummy.
The guardian mummy is severely damaged.
You slice the mummy!!
You destroy the mummy!
Trog accepts your kill.
You slash the mummy priest!
You are engulfed in dark miasma.
You are more poisoned.
You feel yourself slow down.
* * * LOW HITPOINT WARNING * * *
x2 You feel very sick.
You slash the guardian mummy!
You destroy the guardian mummy!
Trog accepts your kill.
You slice the mummy priest!!
You feel extremely nervous for a moment...
Your body is wracked with pain!
* * * LOW HITPOINT WARNING * * *
You are engulfed in dark miasma.
You are more poisoned.
You die...

▓...©....▓...©....▓
▓▓▓▓▓▓▓▓▓▓▓▓▓▓▓▓▓▓▓
▓...8©8...▓..8©8..▓
▓..[[.....▓..))|..▓
▓...:}[...▓..[)[..▓
▓.........▓.......▓
▓....8....▓.......▓
▓....M☼...▓....÷..▓
▓.....@...▓...)...▓
▓.....4...▓.▓...▓.▓
▓....©.°..▓...©...▓
▓▓▓▓▓▓▓▓▓▓▓▓▓▓▓▓▓▓▓
▓..8©8..▓ ▓..=.:..▓
▓.......▓ ▓.......▓
▓.......▓


You could see a mummy priest (mesmerising), an ushabti (catching breath) and a
friendly orange demon (summoned).

Vanquished Creatures
  A hydra (D)
  A dancing weapon (D)
  3 deep elf magi (D)
  A cane toad (D)
  A komodo dragon (D)
  2 guardian mummies (D)
  A slime creature (D)
  A spriggan (D)
  An eye of draining (D)
  A black bear (D)
  2 wolves (D)
  2 earth elementals (D)
  A small abomination (D)
  2 jellies (D)
  An orc priest (D)
  An orc wizard (D)
  An iguana (D)
  2 mummies (D)
  A river rat (D)
  3 shadow imps (D)
  An adder zombie (D)
  2 adder skeletons (D)
  An orc (D)
33 creatures vanquished.

Vanquished Creatures (collateral kills)
  A black bear (D)
  An eye of draining (D)
2 creatures vanquished.

Grand Total: 35 creatures vanquished

Notes
Turn   | Place    | Note
-------+----------+-------------------------------------------
     0 | D        | Zeld the Minotaur Monk began the quest for the Orb.
     0 | D        | Reached XP level 1. HP: 19/19 MP: 0/0
     3 | D        | Found a blossoming altar of Fedhas.
     4 | D        | Found the +6 Majin-Bo {vamp, MP+6 Int+6}
     4 | D        | Found the +9 heavy crossbow "Sniper" {vorpal, Acc+∞ SInv}
     4 | D        | Found the +10 dark maul {vorpal}
     4 | D        | Found the +15 Maxwell's patent armour {-Cast -Tele rElec
                  | Will+ rCorr}
     4 | D        | Found the +18 shield of the Gong {rElec rN+ Will+ EV-5}
     4 | D        | Found the cursed +14 obsidian axe {vorpal, +Fly SInv
                  | *Curse}
     4 | D        | Found the +7 great mace "Firestarter" {inner flame, rF++}
     4 | D        | Found the +6 shillelagh "Devastator" {shatter}
     4 | D        | Found the +11 plutonium sword {*Contam Stlth-}
     4 | D        | Found the +8 lance "Wyrmbane" {slay drac, rPois rF+ rC+
                  | AC+3}
     4 | D        | Found the +9 sword of Zonguldrok {reap}
     4 | D        | Found the cursed +13 scythe of Curses {drain, *Curse}
     4 | D        | Found the +5 sword of Power {vorpal}
     4 | D        | Found the +7 mace of Variability {chain chaos}
     4 | D        | Found the +7 Singing Sword {vorpal, sonic wave}
     4 | D        | Found the +8 storm bow {elec, penet}
     5 | D        | Found a viscous altar of Jiyva.
     5 | D        | Found a hazy altar of Hepliaklqana.
     5 | D        | Found a transporter.
     5 | D        | Found an opulent altar of Gozag.
     5 | D        | Found an ancient bone altar of Kikubaaqudgha.
     5 | D        | Found a corrupted altar of Lugonu.
     9 | D        | Found a burning altar of Makhleb.
    10 | D        | Found a sacrificial altar of Ru.
    10 | D        | Found a stormy altar of Qazlal.
    10 | D        | Found a shimmering blue altar of Sif Muna.
    10 | D        | Found an iron altar of Okawaru.
    10 | D        | Found a bloodstained altar of Trog.
    10 | D        | Found a sparkling altar of Nemelex Xobeh.
    43 | D        | Reached XP level 2. HP: 26/26 MP: 1/1
    56 | D        | Became a worshipper of Trog the Wrathful
    56 | D        | Reached * piety under Trog
    56 | D        | Reached ** piety under Trog
   350 | D        | Entered arena 2.
   350 | D        | Found a transporter.
   361 | D        | Entered arena 3.
   361 | D        | Found a transporter.
   362 | D        | Identified the +7 long sword "Saateoph" {venom, Dex+7}
   365 | D        | Reached XP level 3. HP: 31/31 MP: 2/2
   366 | D        | Reached *** piety under Trog
   368 | D        | Reached XP level 4. HP: 39/39 MP: 3/3
   371 | D        | Got the ring "Kistreo" {+Blink Slay+4}
   441 | D        | Entered arena 4.
   441 | D        | Noticed a black bear
   441 | D        | Noticed a spriggan
   441 | D        | Noticed a black bear
   441 | D        | Noticed a wolf
   441 | D        | Found a transporter.
   443 | D        | Killed a wolf
   444 | D        | Reached XP level 5. HP: 45/45 MP: 4/4
   444 | D        | Killed a black bear
   444 | D        | Killed a black bear
   444 | D        | Reached **** piety under Trog
   445 | D        | Reached XP level 6. HP: 51/51 MP: 5/5
   450 | D        | Killed a spriggan
   455 | D        | Got the ring "Teifaebb" {rN+ Str+6 Int-2 Dex+5 SInv}
   744 | D        | Entered arena 5.
   744 | D        | Found a transporter.
   747 | D        | Reached XP level 7. HP: 57/57 MP: 6/6
   748 | D        | Reached ***** piety under Trog
   890 | D        | Entered arena 6.
   890 | D        | Noticed a slime creature
   890 | D        | Found a transporter.
   895 | D        | Killed a slime creature
   895 | D        | Received a gift from Trog
   936 | D        | Entered arena 7.
   936 | D        | Noticed a komodo dragon
   936 | D        | Noticed a four-headed hydra
   936 | D        | Noticed a cane toad
   937 | D        | Found a transporter.
   939 | D        | Reached XP level 8. HP: 64/64 MP: 4/7
   943 | D        | Killed a komodo dragon
   944 | D        | Killed an eight-headed hydra
   945 | D        | Killed a cane toad
   945 | D        | Received a gift from Trog
   946 | D        | Reached XP level 9. HP: 25/70 MP: 5/8
  1370 | D        | Entered arena 8.
  1370 | D        | Noticed a deep elf mage
  1370 | D        | Noticed a +2 vorpal long sword
  1370 | D        | Noticed a deep elf mage
  1370 | D        | Noticed a deep elf mage
  1371 | D        | Killed a deep elf mage
  1371 | D        | Reached ****** piety under Trog
  1372 | D        | Found a transporter.
  1376 | D        | Killed a +2 vorpal long sword
  1379 | D        | Killed a deep elf mage
  1380 | D        | Killed a deep elf mage
  1380 | D        | Received a gift from Trog
  1381 | D        | Reached XP level 10. HP: 77/77 MP: 9/9
  1477 | D        | Entered arena 9.
  1477 | D        | Noticed a mummy priest
  1478 | D        | Found a transporter.
  1487 | D        | Succumbed to an ushabti's dark miasma

Illustrated notes

Levels and vault maps discovered:
D:        sprint_v [room_start, room_1, room_2, room_3, room_4, room_5, room_6,
          room_7, room_8, room_9, room_10, room_11, room_12, room_13, room_14,
          room_15, room_16, room_17, room_18, room_19, room_20, room_21,
          room_22, room_23, room_24, room_25, room_26, room_27]

Skill      XL: |  1  2  3  4  5  6  7  8  9 |
---------------+----------------------------+-----
Axes           | 6 7 8 9 11 12 14 16 18 | 18.6
Shields        | 6 7 8 9 11 12 14 16 18 | 18.6
Fighting       | |  3.6
Dodging        | |  3.2
Stealth        | |  1.5
Unarmed Combat | |  3.2

Action                   |  1- 3 |  4- 6 |  7- 9 | 10-12 || total
-------------------------+-------+-------+-------+-------++-------
Melee: Broad axe         |     6 |     9 |    20 |    10 ||    45
       Headbutt          |       |       |     4 |     1 ||     5
Invok: Berserk           |       |       |     2 |     1 ||     3
  Use: Potion            |     1 |       |       |       ||     1
 Stab: Distracted        |       |       |       |     1 ||     1
Armor: Crystal plate arm |     3 |     4 |    13 |     3 ||    23
Dodge: Dodged            |     1 |     1 |     2 |       ||     4
Block: Tower shield      |     4 |     7 |    23 |     3 ||    37
